 Dungeon Sprint DCSS version 0.19.0-9-gfd783f2 (webtiles) character file.

6940 equalderp2856 the Eviscerator (level 10, -33/52 HPs)
             Began as a Felid Fighter on Nov 7, 2016.
             Killed from afar by a lich (76 damage)
             ... with an iron shot
             ... in the Dungeon (Sprint IX: "|||||||||||||||||||||||||||||").
             The game lasted 00:34:02 (7141 turns).

equalderp2856 the Eviscerator (Felid Fighter)       Turns: 7141, Time: 00:34:03

Health: -33/52     AC:  7    Str: 16    XL:     10   Next: 80%
Magic:  12/12      EV: 32    Int: 10    God:
Gold:   1698       SH:  0    Dex: 16    Spells: 3 memorised, 5 levels left
                                        Lives:  0   Deaths: 2

rFire  . . .     SeeInvis +       - Unarmed
rCold  + . .     Gourm    .     (armour unavailable)
rNeg   . . .     Faith    .     (shield unavailable)
rPois  .         Spirit   .     (helmet unavailable)
rElec  .         Reflect  .     (cloak unavailable)
rCorr  .         Harm     .     (gloves unavailable)
MR     +....     NoTele   +     (boots unavailable)
Stlth  +++++++...               (no amulet)
                                o - +2 ring of protection
                                n - +2 ring of protection

@: quick
A: no armour, no weapons or thrown items, stealth, claws 1, fangs 3, see
invisible, carnivore 3, speed 1, shaggy fur 3, slow metabolism 1, sharp paws
a: no special abilities


You were in the Dungeon.
You were not hungry.

You visited 1 branch You collected 1918 gold pieces.
You spent 220 gold pieces at shops.

Inventory:

Hand Weapons
 i - a +0 dagger
 p - a +0 halberd
Missiles
 v - 18 poisoned needles
 w - 12 stones
 E - 8 tomahawks
 G - 5 tomahawks of dispersal
Magical Staves
 s - an uncursed staff of energy
Jewellery
 n - a +2 ring of protection (left paw)
 o - a +2 ring of protection (right paw)
 r - an uncursed ring of protection from magic
 t - an uncursed ring of fire
 C - an uncursed ring of protection from cold
 D - an uncursed ring of protection from cold
Wands
 m - a wand of lightning (7/15)
Scrolls
 h - 2 scrolls of blinking
 k - 4 scrolls of remove curse
 l - 2 scrolls of amnesia
 x - a scroll of identify
 y - 2 scrolls of fog
Potions
 a - 3 potions of might
 c - a potion of invisibility
 d - 6 potions of heal wounds
 e - a potion of haste
 f - 4 potions of magic
 g - a potion of berserk rage
 j - 6 potions of curing
 u - 2 potions of agility
 z - a potion of ambrosia
Books
 q - a book of Minor Magic

   Spells                             Type                      Level
   a - Magic Dart                     Conjuration                  1
   b - Blink                          Translocation                2
   c - Call Imp                       Summoning                    2
   d - Repel Missiles                 Charms/Air                   2
   e - Slow                           Hexes                        2
   f - Conjure Flame                  Conjuration/Fire             3
   g - Mephitic Cloud                 Conjuration/Poison/Air       3
Comestibles
 b - 12 meat rations
 A - 12 bread rations
 B - 40 fruits


   Skills:
 * Level 11.2 Fighting
 * Level 16.1 Dodging
 * Level 16.1 Stealth
 + Level 23.0 Unarmed Combat
 - Level 0.6 Spellcasting
 - Level 0.3 Conjurations
 - Level 0.4 Hexes
 - Level 2.3 Translocations


You had 5 spell levels left.
You knew the following spells:

 Your Spells              Type           Power        Failure   Level  Hunger
a - Magic Dart            Conj           #...         30%         1    ##.....
b - Blink                 Tloc           N/A          24%         2    ###....
c - Slow                  Hex            #.......     47%         2    ###....


Dungeon Overview and Level Annotations

Branches:
Dungeon (1/1)

Altars:
Cheibriados
Dithmenos
Elyvilon
Fedhas
Gozag
Hepliaklqana
Kikubaaqudgha
Makhleb
Nemelex Xobeh
Okawaru
Qazlal
Ru
Sif Muna
Trog
Uskayaw
Vehumet
Xom
Yredelemnul
Zin
The Shining One
Beogh
Jiyva
Lugonu

Shops:
D *!}[

Annotations:
D Azrael


Innate Abilities, Weirdness & Mutations

You cannot wear armour.
You are incapable of wielding weapons or throwing items.
Your paws allow you to move quietly. (Stealth)
You have sharp claws.
You have razor-sharp teeth.
You have supernaturally acute eyesight. (SInv)
You are carnivorous and can eat meat at any time.
You cover ground quickly.
Your thick and shaggy fur keeps you warm. (AC +3, rC+)
You have a slow metabolism.
Your sharp claws are effective at attacking unaware monsters.


Message History

The lich touches you.
You see here +0 shadow dragon scales.
You scratch the lich but do no damage. You scratch the lich but do no damage.
The lich completely misses you.
You mangle the lich!! Your claw misses the lich. Your bite misses the lich.
The lich is moderately damaged.
You claw the lich! x2
The lich is severely damaged.
The lich touches you!
You closely miss the lich. Your claw misses the lich.
The lich is severely damaged.
The lich misses you.
You claw the lich!
The lich is severely damaged.
You claw the lich!
The lich is almost destroyed.
The lich casts a spell at you. The iron shot hits you!
Ouch! That really hurt!
You die...

▓_▓.▓÷▓.▓.▓.▓.▓
♣.▓
▓_▓.▓'▓.▓.▓.▓[▓
♣.▓
▓_▓.▓.▓.▓.▓.▓[▓
♣.▓
▓_▓.▓.▓.▓.▓.▓[▓
♣.▓
▓_▓.▓.▓.▓.▓.▓[▓
♣.▓
▓_▓.▓.▓)▓'▓.▓[▓
♣.▓
▓_▓.▓.▓.▓.▓.▓[▓
♣.▓
▓_▓.▓.▓.▓.▓.▓L▓
♣.▓
▓_▓.▓.▓.▓.▓.▓@▓
▓.▓
▓_▓.▓.▓.▓.▓.▓.▓
▓.▓
▓_▓.▓.▓.▓.▓.▓)▓
▓.▓
▓_▓.▓'▓.▓.▓†▓)▓
▓.▓
▓_▓.▓.▓)▓[▓.▓)▓
▓.▓
▓_▓.▓?▓.▓[▓(▓)▓
▓.▓
▓_▓.▓?▓.▓)▓.▓)▓
▓.▓
▓_▓.▓.▓.▓)▓.▓)▓
▓.▓
▓'▓.▓?▓.▓.▓.▓)▓
▓.▓


You could see a lich.

Vanquished Creatures
  Aizul (D)
  A very ugly thing (D)
  A rakshasa (D)
  2 centaur warriors (D)
  Erica (D)
  2 unseen horrors (D)
  10 orc knights (D)
  A hill giant (D)
  An orc sorcerer (D)
  A manticore (D)
  Joseph (D)
  2 black mambas (D)
  Maurice (D)
  8 spiny frogs (D)
  A two-headed ogre (D)
  2 slime creatures (D)
  3 tyrant leeches (D)
  A blink frog (D)
  A wraith (D)
  A fire elemental (D)
  A yak (D)
  2 vampire mosquitoes (D)
  2 hell hounds (D)
  2 porcupines (D)
  18 orc warriors (D)
  2 water moccasins (D)
  A sky beast (D)
  An ogre (D)
  A crocodile (D)
  5 bullfrogs (D)
  A scorpion (D)
  A wight (D)
  A crimson imp (D)
  An orc priest (D)
  2 orc wizards (D)
  A hell rat (D)
  A worker ant (D)
  9 orcs (D)
  2 bat skeletons (D)
  2 bat zombies (D)
  A goblin (D)
  A quokka (D)
  A bat (D)
  A giant cockroach zombie (D)
  3 kobolds (D)
105 creatures vanquished.

Notes
Turn   | Place    | Note
-------+----------+-------------------------------------------
     0 | D        | equalderp2856 the Felid Fighter began the quest for the Orb.
     0 | D        | Reached XP level 1. HP: 10/10 MP: 2/2
   140 | D        | Noticed a sky beast
   140 | D        | Noticed a scorpion
   140 | D        | Noticed a worker ant
   144 | D        | Killed a worker ant
   144 | D        | Reached skill level 5 in Dodging
   144 | D        | Reached skill level 1 in Stealth
   144 | D        | Reached skill level 6 in Unarmed Combat
   144 | D        | Reached XP level 2. HP: 9/15 MP: 3/3
   275 | D        | Killed a scorpion
   275 | D        | Reached skill level 7 in Unarmed Combat
   275 | D        | Reached XP level 3. HP: 14/18 MP: 4/4
   275 | D        | Reached XP level 4. HP: 17/22 MP: 5/5
   294 | D        | Killed a sky beast
   294 | D        | Reached skill level 5 in Fighting
   294 | D        | Reached skill level 9 in Unarmed Combat
   294 | D        | Reached XP level 5. HP: 10/27 MP: 6/6
   462 | D        | Found a roughly hewn altar of Beogh.
   462 | D        | Found a snail-covered altar of Cheibriados.
   462 | D        | Found a shadowy altar of Dithmenos.
   462 | D        | Found a white marble altar of Elyvilon.
   462 | D        | Found a blossoming altar of Fedhas.
   462 | D        | Found an opulent altar of Gozag.
   463 | D        | Found a hazy altar of Hepliaklqana.
   464 | D        | Found a viscous altar of Jiyva.
   465 | D        | Found an ancient bone altar of Kikubaaqudgha.
   466 | D        | Found a corrupted altar of Lugonu.
   467 | D        | Found a burning altar of Makhleb.
   468 | D        | Found a sparkling altar of Nemelex Xobeh.
   469 | D        | Found an iron altar of Okawaru.
   470 | D        | Found a stormy altar of Qazlal.
   471 | D        | Found a sacrificial altar of Ru.
   472 | D        | Found a deep blue altar of Sif Muna.
   473 | D        | Found a bloodstained altar of Trog.
   474 | D        | Found a hide-covered altar of Uskayaw.
   475 | D        | Found a radiant altar of Vehumet.
   476 | D        | Found a shimmering altar of Xom.
   477 | D        | Found a basalt altar of Yredelemnul.
   478 | D        | Found a glowing silver altar of Zin.
   479 | D        | Found a glowing golden altar of the Shining One.
   548 | D        | Noticed an orc warrior
   548 | D        | Noticed a two-headed ogre
   548 | D        | Noticed an unseen horror
   548 | D        | Noticed an ogre
   609 | D        | Killed an ogre
   609 | D        | Reached skill level 10 in Unarmed Combat
   609 | D        | Gained mutation: You are covered in thick fur. (AC +2) [Felid growth]
   609 | D        | Reached XP level 6. HP: 29/31 MP: 7/7
   627 | D        | Killed an unseen horror
   627 | D        | Reached skill level 10 in Dodging
   627 | D        | Reached skill level 13 in Unarmed Combat
   627 | D        | Reached XP level 7. HP: 32/36 MP: 8/8
   630 | D        | Killed a two-headed ogre
   630 | D        | Reached XP level 8. HP: 36/40 MP: 9/9
   736 | D        | Noticed a slime creature
   745 | D        | Reached skill level 14 in Unarmed Combat
   751 | D        | Killed a slime creature
   914 | D        | Noticed a black mamba
   914 | D        | Noticed a spiny frog
   914 | D        | Noticed a black mamba
   915 | D        | Noticed a spiny frog
   917 | D        | Noticed a blink frog
   918 | D        | Killed a black mamba
   918 | D        | Reached skill level 15 in Unarmed Combat
  1203 | D        | Killed a spiny frog
  1203 | D        | Reached XP level 9. HP: 11/45 MP: 10/10
  1405 | D        | Killed a black mamba
  1405 | D        | Reached skill level 16 in Unarmed Combat
  1497 | D        | Reached skill level 10 in Stealth
  1693 | D        | Killed a spiny frog
  1838 | D        | Noticed a spiny frog
  1838 | D        | Noticed a spiny frog
  1838 | D        | Noticed a spiny frog
  1847 | D        | Killed a spiny frog
  1847 | D        | Reached skill level 17 in Unarmed Combat
  1850 | D        | Killed a spiny frog
  1856 | D        | Reached XP level 10. HP: 39/49 MP: 11/11
  2110 | D        | Killed a spiny frog
  2192 | D        | Reached skill level 18 in Unarmed Combat
  2208 | D        | Noticed a spiny frog
  2208 | D        | Noticed a spiny frog
  2429 | D        | Noticed a spiny frog
  2683 | D        | Killed a spiny frog
  2690 | D        | Killed a spiny frog
  2846 | D        | Killed a spiny frog
  2846 | D        | Reached skill level 19 in Unarmed Combat
  3060 | D        | Noticed Erica
  3071 | D        | Killed Erica
  3663 | D        | Noticed an orc knight
  3666 | D        | Noticed an orc knight
  3749 | D        | Killed an orc knight
  3749 | D        | Reached skill level 20 in Unarmed Combat
  3749 | D        | Reached XP level 11. HP: 32/53 MP: 12/12
  3904 | D        | Killed an orc knight
  4031 | D        | Noticed an orc sorcerer
  4059 | D        | Killed an orc sorcerer
  4144 | D        | Found Maeky's Armour Boutique.
  4144 | D        | Noticed an orc knight
  4144 | D        | Noticed an orc knight
  4144 | D        | Noticed an orc knight
  4144 | D        | Noticed an orc knight
  4189 | D        | Noticed an orc knight
  4190 | D        | Killed an orc knight
  4191 | D        | Found Haomazet's Gadget Shop.
  4242 | D        | Killed an orc knight
  4242 | D        | Reached skill level 21 in Unarmed Combat
  4279 | D        | Killed an orc knight
  4289 | D        | Killed an orc knight
  4586 | D        | Killed an orc knight
  4670 | D        | Noticed an orc knight
  4682 | D        | Killed an orc knight
  4768 | D        | Found Piakoar's Distillery.
  4772 | D        | Found Benirei's General Store.
  4775 | D        | Noticed an orc knight
  4818 | D        | Noticed an orc knight
  5054 | D        | Killed an orc knight
  5109 | D        | Killed an orc knight
  5160 | D        | Reached skill level 22 in Unarmed Combat
  5438 | D        | Bought a book of Minor Magic for 220 gold pieces
  5442 | D        | Learned a level 1 spell: Magic Dart
  5447 | D        | Learned a level 2 spell: Blink
  5668 | D        | Noticed Maurice
  5706 | D        | Learned a level 2 spell: Slow
  5761 | D        | Killed Maurice
  5761 | D        | Reached skill level 1 in Translocations
  5809 | D        | Noticed Joseph
  5819 | D        | Killed Joseph
  5894 | D        | Noticed a hill giant
  5894 | D        | Noticed a centaur warrior
  6160 | D        | Killed a centaur warrior
  6227 | D        | Reached skill level 15 in Dodging
  6228 | D        | Noticed an unseen horror
  6231 | D        | Noticed a rakshasa
  6233 | D        | Killed a hill giant
  6233 | D        | Reached skill level 10 in Fighting
  6233 | D        | Reached skill level 15 in Stealth
  6233 | D        | Gained mutation: Your thick and shaggy fur keeps you warm. (AC +3, rC+) [Felid growth]
  6233 | D        | Reached XP level 12. HP: 52/58 MP: 14/14
  6383 | D        | HP: 2/58 [rakshasa (illusionary)/orb of energy (30)]
  6394 | D        | Killed a rakshasa
  6408 | D        | Noticed a centaur warrior
  6410 | D        | Noticed a white very ugly thing
  6414 | D        | Shot with an arrow by a centaur warrior
  6415 | D        | Reached XP level 11. HP: -9/55 MP: 13/13
  6485 | D        | Noticed Aizul
  6491 | D        | Noticed Azrael
  6494 | D        | Killed Aizul
  6511 | D        | Killed from afar by Azrael
  6512 | D        | Reached XP level 10. HP: -1/51 MP: 12/12
  6613 | D        | Killed a centaur warrior
  6636 | D        | Noticed a rakshasa
  6656 | D        | Noticed a lich
  6981 | D        | Killed a white very ugly thing
  6981 | D        | Reached skill level 23 in Unarmed Combat
  7141 | D        | Killed from afar by a lich

Skill      XL: |  1  2  3  4  5  6  7  8  9 10 11 |
---------------+----------------------------------+-----
Dodging        | 5 7 8 10 11 12 16 15 | 16.1
Stealth        | 1 2 3 4 6 9 11 16 15 | 16.1
Unarmed Combat | 6 7 9 10 13 15 17 23 22 | 23.0
Fighting       | 4 5 6 7 8 11 10 | 11.2
Translocations | 2 |  2.3
Spellcasting   | |  0.6
Conjurations   | |  0.3
Hexes          | |  0.4

Action                   |  1- 3 |  4- 6 |  7- 9 | 10-12 || total
-------------------------+-------+-------+-------+-------++-------
Melee: Unarmed           |    22 |    32 |    79 |   342 ||   475
       Bite              |     3 |     1 |     4 |    39 ||    47
       Punch             |       |     1 |     5 |    37 ||    43
 Cast: Blink             |       |       |       |     8 ||     8
       Magic Dart        |       |       |       |     2 ||     2
       Slow              |       |       |       |     1 ||     1
  Use: Potion            |       |     1 |     1 |     3 ||     5
       Scroll            |       |       |       |     1 ||     1
 Stab: Sleeping          |     1 |       |     2 |     4 ||     7
       Distracted        |       |       |     1 |     3 ||     4
  Eat: Chunk             |       |       |     2 |     4 ||     6
       Meat ration       |       |       |       |     1 ||     1
Armor: Skin              |       |     4 |     1 |     4 ||     9
Dodge: Dodged            |    13 |    23 |    42 |   153 ||   231
